 Dungeon Sprint DCSS version 0.27-a0-1119-gbf574a6a6b (webtiles) character file.

Game seed: 10562461418265648706

62068 mhtbhm the Sorcerer (level 14, -7/70 HPs)
             Began as a Deep Elf Fire Elementalist on May 2, 2021.
             Was the Champion of Vehumet.
             Mangled by a bone dragon (24 damage)
             ... in the Dungeon (Sprint III: "The Ten Rune Challenge").
             The game lasted 00:22:33 (6421 turns).

mhtbhm the Sorcerer (Deep Elf Fire Elementalist)    Turns: 6421, Time: 00:22:34

Health: -7/70      AC: 11    Str: 11    XL:     14   Next: 14%
Magic:  22/45      EV: 16    Int: 33    God:    Vehumet [******]
Gold:   3505       SH:  5    Dex: 15    Spells: 11/64 levels left

rFire    . . .     SeeInvis .   a - staff of conjuration
rCold    + + .     Faith    .   (no shield)
rNeg     . . .     Spirit   .   b - +2 robe {rC+}
rPois    +         Reflect  +   e - +2 hat {Stlth+}
rElec    .         Harm     .   k - +0 cloak {rPois}
rCorr    .         Rampage  +   r - +0 pair of gloves {archery}
Will     ++...     Rnd*Rage +   v - +0 pair of boots {rampage} Stlth +++.......NoTele +
                                t - amulet of reflection
HPRegen  0.21/turn              x - ring of poison resistance
MPRegen  0.29/turn              y - ring "Osisub" {rC+ Str+6 Int+7}

@: no status effects
A: iridescent scales 1, berserk 1, strong-willed 1
}: 1/10 runes: serpentine
a: Renounce Religion


You were in the Dungeon.
You worshipped Vehumet.
Vehumet was exalted by your worship.
You visited 1 branch You collected 4087 gold pieces.
You spent 582 gold pieces at shops.

Inventory:

Hand Weapons
 l - a +4 quarterstaff of chaos
Missiles
 j - 7 curare-tipped darts (quivered)
 n - 10 datura-tipped darts
Armour
 b - a +2 robe of cold resistance (worn)
 e - a +2 hat of stealth (worn)
 k - a +0 cloak of poison resistance (worn)
 r - a +0 pair of gloves of archery (worn)
 v - a +0 pair of boots of rampaging (worn)
Magical Staves
 a - a staff of conjuration (weapon)
Jewellery
 t - an amulet of reflection (around neck)
 x - a ring of poison resistance (left hand)
 y - the ring "Osisub" (right hand) {rC+ Str+6 Int+7}
   (You took it off a deep elf high priest in the Dungeon)

   [ring of strength]

   It affects your strength (+6).
   It affects your intelligence (+7).
   It protects you from cold.
 C - a ring of see invisible
Wands
 u - a wand of acid (16)
Scrolls
 h - 2 scrolls of blinking
 m - a scroll of torment
 p - a scroll of immolation
 w - 2 scrolls of silence
 z - 2 scrolls of amnesia
 D - 6 scrolls of identify
 F - a scroll of enchant armour
 G - a scroll of magic mapping
Potions
 c - 3 potions of curing
 d - a potion of heal wounds
 f - 2 potions of magic
 g - 4 potions of berserk rage
 i - 2 potions of mutation
 o - a potion of cancellation
 q - 2 potions of might
 A - a potion of brilliance
 B - a potion of flight
 E - a potion of invisibility
Miscellaneous
 s - a phial of floods
 I - a tin of tremorstones (2/2)


   Skills:
 + Level 1.6 Fighting
 + Level 7.9 Dodging
 - Level 3.1 Stealth
 + Level 1.1 Shields
 + Level 25.9 Spellcasting
 + Level 20.1 Conjurations
 + Level 1.0 Transmutations
 + Level 22.0 Fire Magic
 * Level 13.9 Earth Magic
 + Level 1.9 Evocations


You had 11 spell levels left.
You knew the following spells:

 Your Spells              Type           Power      Damage    Failure   Level
a - Foxfire               Conj/Fire      100%       2x1d9     0%          1
b - Conjure Flame         Conj/Fire      100%       6-21      0%          3
c - Inner Flame           Hex/Fire       86%        N/A       0%          3
d - Sticky Flame          Conj/Fire      100%       2d11      0%          4
e - Fireball              Conj/Fire      67%        3d25      0%          5
f - Fire Storm            Conj/Fire      67%        8d17      2%          9
g - Iron Shot             Conj/Erth      62%        9d12      1%          6
h - Lehudib's Crystal Sp  Conj/Erth      62%        10d14     1%          8
i - Ignition              Fire           56%        3d15      1%          8
j - Statue Form           Tmut/Erth      50%        N/A       4%          6

Your spell library contained the following spells:

 Spells                   Type           Power      Damage    Failure   Level
 Tornado                  Air            21%        N/A       100%        9
 Magic Dart               Conj           100%       1d8       0%          1
 Searing Ray              Conj           100%       3d7       0%          2
 Bolt of Magma            Conj/Fire/Erth 64%        4d25      0%          5
 Animate Skeleton         Necr           84%        N/A       1%          1
 Beastly Appendage        Tmut           98%        N/A       1%          1
 Pain                     Necr           100%       1d9       1%          1
 Wereblood                Tmut           49%        N/A       1%          2
 Dazzling Flash           Conj/Hex       100%       N/A       1%          3
 Spider Form              Tmut/Pois      23%        N/A       1%          3
 Vampiric Draining        Necr           21%        2d9       1%          3
 Animate Armour           Summ/Erth      100%       N/A       1%          4
 Fulminant Prism          Conj/Hex       52%        3d23      1%          4
 Iskenderun's Mystic Bla  Conj/Tloc      100%       2d19      1%          4
 Leda's Liquefaction      Hex/Erth       36%        N/A       1%          4
 Ice Form                 Ice/Tmut       46%        N/A       4%          4
 Animate Dead             Necr           21%        N/A       5%          4
 Hydra Form               Tmut           24%        N/A       11%         5
 Agony                    Necr           42%        N/A       16%         5
 Chain Lightning          Conj/Air       52%        N/A       16%         8
 Shatter                  Erth           47%        3d36*     41%         9
 Absolute Zero            Ice            21%        ∞         100%        9


Dungeon Overview and Level Annotations

Branches:
Dungeon (1/1)

Altars:
Cheibriados
Dithmenos
Elyvilon
Fedhas
Gozag
Hepliaklqana
Kikubaaqudgha
Makhleb
Nemelex Xobeh
Okawaru
Qazlal
Ru
Sif Muna
Trog
Uskayaw
Vehumet
Wu Jian
Xom
Yredelemnul
Zin
The Shining One
Beogh
Jiyva
Lugonu

Shops:
D ?:(?[[*=?!:[(:?


Innate Abilities, Weirdness & Mutations

You are partially covered in iridescent scales. (AC +2)
You tend to lose your temper in combat.
You are strong-willed. (Will+)


Message History

You open the door.
There is an open door here.
You open the door.
A bone dragon comes into view.
Unknown command.
Casting: Fireball (safe; 0% risk of failure)
Confirm with . or Enter, or press ? or * to list all spells.
Okay, then.
Casting: Fireball (safe; 0% risk of failure)
Confirm with . or Enter, or press ? or * to list all spells.
Aiming: Lehudib's Crystal Spear (dangerous; 1% risk of failure)
Press: ? - help, Shift-Dir - straight line, f - bone dragon
Aim: a bone dragon (96% to hit)
You feel a surge of power!
The crystal spear hits the bone dragon!!!
The bone dragon is moderately damaged.
The bone dragon bites you! The bone dragon claws you.
You block the bone dragon's attack.
Unknown command.
Casting: Lehudib's Crystal Spear (dangerous; 1% risk of failure)
Confirm with . or Enter, or press ? or * to list all spells.
Aiming: Lehudib's Crystal Spear (dangerous; 1% risk of failure)
Press: ? - help, Shift-Dir - straight line, f/p - bone dragon
Aim: a bone dragon (moderately damaged, 96% to hit)
You feel a surge of power!
The crystal spear hits the bone dragon!!!
The bone dragon is severely damaged.
The bone dragon bites you!! The bone dragon claws you!!
* * * LOW HITPOINT WARNING * * *
You block the bone dragon's attack.
Unknown command.
Casting: Lehudib's Crystal Spear (dangerous; 1% risk of failure)
Confirm with . or Enter, or press ? or * to list all spells.
Aiming: Lehudib's Crystal Spear (dangerous; 1% risk of failure)
Press: ? - help, Shift-Dir - straight line, f/p - bone dragon
Aim: a bone dragon (severely damaged, 96% to hit)
You feel a surge of power!
The crystal spear misses the bone dragon.
The bone dragon bites you!!
You die...

.....#.#..#......#
.#.#)).#..#.....^#
..#).#.#..#....^^#
)....###########'#
###### #.# #.#
#+#+#+#'#
...^^^..#
...^...@#
#+#+#+#D# #.# ▓▓▓


You could see a bone dragon.

Vanquished Creatures
  Rupert (D)
  A deep elf blademaster (D)
  Gastronok (D)
  Dowan (D)
  A nagaraja (D)
  2 deep elf demonologists (D)
  2 deep elf annihilators (D)
  2 dire elephants (D)
  A deep elf death mage (D)
  A fire dragon (D)
  Josephine (D)
  A yaktaur captain (D)
  A deep elf high priest (D)
  2 hydras (D)
  A naga warrior (D)
  2 centaur warriors (D)
  5 anacondas (D)
  4 dancing weapons (D)
  4 death yaks (D)
  2 deep elf knights (D)
  Urug (D)
  4 orc high priests (D)
  A death drake (D)
  A skeletal warrior (D)
  A spriggan druid (D)
  An orange crystal statue (D)
  A lindwurm (shapeshifter) (D)
  A lindwurm (D)
  A deep elf pyromancer (D)
  3 deep elf zephyrmancers (D)
  An orc sorcerer (D)
  5 ugly things (D)
  A guardian serpent (D)
  2 elephants (D)
  3 black mambas (D)
  Duvessa (D)
  2 cane toads (D)
  A rime drake (D)
  A komodo dragon (D)
  An unseen horror (D)
  3 wandering mushrooms (D)
  4 spriggan defenders (D)
  2 slime creatures (D)
  2 tyrant leeches (D)
  7 blink frogs (D)
  3 redbacks (D)
  A shadow (D)
  2 spriggans (D)
  A spatial vortex (D)
  2 nagas (D)
  A floating eye (D)
  3 orc warriors (D)
  2 water moccasins (D)
  A necrophage (D)
  A swamp drake (D)
  2 black mamba simulacra (D)
  2 centaurs (D)
  An earth elemental (D)
  A water elemental (D)
  An electric eel (D)
  2 orc priests (D)
  A jelly (D)
  Crazy Yiuf (D)
  Jessica (D)
  A wizard (D)
  A necromancer (D)
  4 orc wizards (D)
  A polar bear simulacrum (D)
  A wolf simulacrum (D)
  3 humans (D)
  A kobold demonologist (D)
  4 adders (D)
  8 orcs (D)
  3 rats (D)
  5 bushes (D)
  3 plants (D)
151 creatures vanquished.

Vanquished Creatures (collateral kills)
  A swamp worm (shapeshifter) (D)
1 creature vanquished.

Vanquished Creatures (others)
  3 fire vortices (D)
  64 foxfires (D)
  24 plants (D)
91 creatures vanquished.

Grand Total: 243 creatures vanquished

Notes
Turn   | Place    | Note
-------+----------+-------------------------------------------
     0 | D        | mhtbhm the Deep Elf Fire Elementalist began the quest for
                  | the Orb.
     0 | D        | Reached XP level 1. HP: 10/10 MP: 6/6
    36 | D        | Noticed Jessica
    40 | D        | Killed Jessica
    41 | D        | Reached skill level 4 in Spellcasting
    41 | D        | Reached skill level 5 in Fire Magic
    41 | D        | Reached XP level 2. HP: 15/15 MP: 4/9
   124 | D        | Reached skill level 5 in Spellcasting
   124 | D        | Reached XP level 3. HP: 17/19 MP: 2/11
   160 | D        | Learned a level 3 spell: Conjure Flame
   164 | D        | Learned a level 3 spell: Inner Flame
   194 | D        | Noticed Crazy Yiuf
   199 | D        | Killed Crazy Yiuf
   200 | D        | Reached XP level 4. HP: 24/24 MP: 6/13
   263 | D        | Learned a level 4 spell: Sticky Flame
   342 | D        | Gained mutation: Potions are less effective at restoring
                  | your health. [potion of mutation]
   342 | D        | Gained mutation: You tend to lose your temper in combat.
                  | [potion of mutation]
   342 | D        | Gained mutation: Your muscles are strong. (Str +2) [potion
                  | of mutation]
   342 | D        | Gained mutation: You are agile. (Dex +2) [potion of
                  | mutation]
   343 | D        | Lost mutation: Your muscles are strong. (Str +2) [potion of
                  | mutation]
   343 | D        | Lost mutation: Potions are less effective at restoring your
                  | health. [potion of mutation]
   343 | D        | Gained mutation: You are partially covered in iridescent
                  | scales. (AC +2) [potion of mutation]
   343 | D        | Lost mutation: You are agile. (Dex +2) [potion of mutation]
   343 | D        | Gained mutation: You are strong-willed. (Will+) [potion of
                  | mutation]
   363 | D        | Noticed a water elemental
   369 | D        | Killed a water elemental
   370 | D        | Reached skill level 6 in Spellcasting
   421 | D        | Found a radiant altar of Vehumet.
   421 | D        | Found a shimmering blue altar of Sif Muna.
   421 | D        | Found an ancient bone altar of Kikubaaqudgha.
   421 | D        | Noticed a wizard
   425 | D        | Killed a wizard
   426 | D        | Reached skill level 7 in Spellcasting
   426 | D        | Reached XP level 5. HP: 28/28 MP: 12/16
   428 | D        | Noticed a rust devil
   443 | D        | Became a worshipper of Vehumet
   483 | D        | Learned a level 5 spell: Fireball
   493 | D        | Found a basalt altar of Yredelemnul.
   493 | D        | Found a shadowy altar of Dithmenos.
   493 | D        | Found a sacrificial altar of Ru.
   493 | D        | Noticed a necrophage
   499 | D        | Reached skill level 5 in Dodging
   499 | D        | Reached skill level 8 in Spellcasting
   502 | D        | Killed a necrophage
   503 | D        | Reached skill level 9 in Spellcasting
   503 | D        | Reached skill level 5 in Conjurations
   503 | D        | Reached skill level 10 in Fire Magic
   503 | D        | Reached XP level 6. HP: 27/32 MP: 1/20
   615 | D        | Found a glowing silver altar of Zin.
   615 | D        | Found a glowing golden altar of the Shining One.
   615 | D        | Found a white marble altar of Elyvilon.
   615 | D        | Noticed a deep elf pyromancer
   618 | D        | Killed a deep elf pyromancer
   618 | D        | Reached * piety under Vehumet
   618 | D        | Offered knowledge of Freeze by Vehumet.
   619 | D        | Reached skill level 1 in Fighting
   619 | D        | Reached skill level 11 in Spellcasting
   619 | D        | Reached XP level 7. HP: 38/38 MP: 7/23
   707 | D        | Found a hide-covered altar of Uskayaw.
   707 | D        | Found an iron altar of Okawaru.
   707 | D        | Found a bloodstained altar of Trog.
   707 | D        | Found an ornate altar of the Wu Jian Council.
   707 | D        | Noticed a human
   707 | D        | Noticed a human
   709 | D        | Killed a human
   709 | D        | Killed a human
   710 | D        | Reached skill level 12 in Spellcasting
   769 | D        | Reached ** piety under Vehumet
   769 | D        | Offered knowledge of Poisonous Vapours by Vehumet.
   769 | D        | Noticed a shadow
   770 | D        | Killed a shadow
   771 | D        | Reached XP level 8. HP: 43/43 MP: 14/26
   832 | D        | Found a blossoming altar of Fedhas.
   832 | D        | Found a stormy altar of Qazlal.
   832 | D        | Found a snail-covered altar of Cheibriados.
   832 | D        | Found a burning altar of Makhleb.
   832 | D        | Found a shimmering altar of Xom.
   833 | D        | Found a hazy altar of Hepliaklqana.
   833 | D        | Found an opulent altar of Gozag.
   833 | D        | Found a sparkling altar of Nemelex Xobeh.
   833 | D        | Found a corrupted altar of Lugonu.
   833 | D        | Found a viscous altar of Jiyva.
  1036 | D        | Noticed Josephine
  1044 | D        | Killed Josephine
  1044 | D        | Offered knowledge of Frozen Ramparts by Vehumet.
  1045 | D        | Reached skill level 14 in Spellcasting
  1045 | D        | Reached skill level 10 in Conjurations
  1045 | D        | Reached XP level 9. HP: 47/47 MP: 11/29
  1183 | D        | Noticed an orc sorcerer
  1183 | D        | Reached *** piety under Vehumet
  1184 | D        | Reached **** piety under Vehumet
  1185 | D        | Killed an orc sorcerer
  1186 | D        | Reached ***** piety under Vehumet
  1186 | D        | Noticed an orc high priest
  1187 | D        | Reached skill level 15 in Spellcasting
  1188 | D        | Offered knowledge of Ignite Poison by Vehumet.
  1189 | D        | Killed an orc high priest
  1190 | D        | Reached skill level 15 in Fire Magic
  1291 | D        | Found Cafaigar's Magic Scroll Shop.
  1360 | D        | Bought a scroll of blinking for 75 gold pieces
  1364 | D        | Noticed a deep elf knight
  1364 | D        | Noticed a deep elf zephyrmancer
  1364 | D        | Noticed a deep elf zephyrmancer
  1364 | D        | Noticed a deep elf knight
  1364 | D        | Noticed a deep elf zephyrmancer
  1388 | D        | Killed a deep elf zephyrmancer
  1388 | D        | Offered knowledge of Iskenderun's Battlesphere by Vehumet.
  1389 | D        | Reached skill level 16 in Spellcasting
  1389 | D        | Killed a deep elf zephyrmancer
  1390 | D        | Reached XP level 10. HP: 52/52 MP: 16/32
  1391 | D        | Killed a deep elf knight
  1392 | D        | Killed a deep elf knight
  1392 | D        | Reached ****** piety under Vehumet
  1392 | D        | Killed a deep elf zephyrmancer
  1393 | D        | Reached skill level 17 in Spellcasting
  1440 | D        | Identified the ring of Untruth {Fly Str+3 Int+3 SInv
                  | Stlth+}
  1440 | D        | Noticed a deep elf demonologist
  1447 | D        | Killed a deep elf demonologist
  1448 | D        | Reached skill level 18 in Spellcasting
  1529 | D        | Noticed a deep elf annihilator
  1546 | D        | Noticed a deep elf blademaster
  1555 | D        | Noticed a deep elf death mage
  1556 | D        | Identified the +4 scale mail of Xaenk {rCorr Str+5 Int+4}
  1556 | D        | Identified the ring "Osisub" {rC+ Str+6 Int+7}
  1556 | D        | Noticed a deep elf high priest
  1558 | D        | Killed a deep elf death mage
  1558 | D        | Offered knowledge of Olgreb's Toxic Radiance by Vehumet.
  1561 | D        | Noticed a deep elf demonologist
  1561 | D        | Killed a deep elf high priest
  1562 | D        | Reached XP level 11. HP: 56/56 MP: 24/35
  1566 | D        | Killed a deep elf demonologist
  1567 | D        | Reached skill level 19 in Spellcasting
  1567 | D        | Reached skill level 15 in Conjurations
  1570 | D        | Killed a deep elf annihilator
  1572 | D        | Noticed a deep elf annihilator
  2227 | D        | Killed a deep elf annihilator
  2382 | D        | Killed a deep elf blademaster
  2383 | D        | Reached skill level 20 in Spellcasting
  2434 | D        | Identified the amulet "Etsaegy" {RegenMP Harm Fly rF-
                  | Str-4}
  2538 | D        | Learned a level 9 spell: Fire Storm
  2545 | D        | Learned a level 6 spell: Iron Shot
  2554 | D        | Learned a level 8 spell: Lehudib's Crystal Spear
  2648 | D        | Noticed a centaur warrior
  2649 | D        | Offered knowledge of Eringya's Noxious Bog by Vehumet.
  2650 | D        | Killed a centaur warrior
  3180 | D        | Noticed Dowan
  3180 | D        | Noticed Duvessa
  3183 | D        | Killed Dowan
  3184 | D        | Reached XP level 12. HP: 61/61 MP: 28/38
  3190 | D        | Killed Duvessa
  3277 | D        | Offered knowledge of Spellforged Servitor by Vehumet.
  3278 | D        | Reached skill level 21 in Spellcasting
  3278 | D        | Reached skill level 5 in Earth Magic
  3553 | D        | Offered knowledge of Starburst by Vehumet.
  3842 | D        | Noticed Urug
  3844 | D        | Killed Urug
  3868 | D        | Noticed a seven-headed hydra
  3868 | D        | Noticed a five-headed hydra
  3869 | D        | Offered knowledge of Irradiate by Vehumet.
  3871 | D        | Killed a seven-headed hydra
  3871 | D        | Killed a five-headed hydra
  3872 | D        | Reached skill level 22 in Spellcasting
  3955 | D        | Found a blossoming altar of Fedhas.
  3999 | D        | Offered knowledge of Orb of Destruction by Vehumet.
  4003 | D        | Identified the -6 barding of Aguure Waeq {rElec Int+6
                  | Slay+3}
  4426 | D        | Noticed an anaconda
  4427 | D        | Noticed an anaconda
  4427 | D        | Noticed an anaconda
  4429 | D        | Killed an anaconda
  4429 | D        | Killed an anaconda
  4430 | D        | Reached skill level 1 in Shields
  4430 | D        | Killed an anaconda
  4524 | D        | Noticed an anaconda
  4527 | D        | Noticed an anaconda
  4529 | D        | Killed an anaconda
  4530 | D        | Reached XP level 13. HP: 41/65 MP: 32/41
  4532 | D        | Offered knowledge of Ignition by Vehumet.
  4533 | D        | Reached skill level 23 in Spellcasting
  4838 | D        | Noticed a nagaraja
  4840 | D        | Killed a nagaraja
  4841 | D        | Reached skill level 10 in Earth Magic
  4841 | D        | Reached skill level 1 in Evocations
  4898 | D        | Found Soanly's Magic Scroll Shop.
  4898 | D        | Found Vuebbag's Book Shoppe.
  4900 | D        | Found Mofoacw's Antique Weapon Boutique.
  4917 | D        | Learned a level 8 spell: Ignition
  4995 | D        | Got a serpentine rune of Zot
  5101 | D        | Offered knowledge of Tornado by Vehumet.
  5188 | D        | Noticed an azure jelly
  5189 | D        | Noticed an azure jelly
  5189 | D        | Noticed an azure jelly
  5189 | D        | Noticed an azure jelly
  5209 | D        | Noticed Rupert
  5211 | D        | Killed Rupert
  5212 | D        | Reached skill level 24 in Spellcasting
  5266 | D        | Noticed a dire elephant
  5266 | D        | Noticed a dire elephant
  5266 | D        | Noticed Gastronok
  5276 | D        | Killed a dire elephant
  5281 | D        | Killed a dire elephant
  5284 | D        | Killed Gastronok
  5625 | D        | Learned a level 6 spell: Statue Form
  5748 | D        | Found Soicuo's Magic Scroll Emporium.
  5748 | D        | Found Wibrab's Book Shop.
  5748 | D        | Found Sourphoe's Magic Scroll Shoppe.
  5748 | D        | Found Pat Yvoz's Jewellery Boutique.
  5748 | D        | Found Lieh's Distillery.
  5748 | D        | Found Kes Rute's General Store.
  5748 | D        | Found Loffuo's Book Shop.
  5748 | D        | Found Cetots's Antique Armour Shop.
  5748 | D        | Found Numihou's Antique Weapon Emporium.
  5748 | D        | Found Olek's Armour Emporium.
  5748 | D        | Found Luehaut's Armour Boutique.
  5788 | D        | Bought a pair of runed gloves for 225 gold pieces
  5796 | D        | Bought a scroll of enchant armour for 97 gold pieces
  5796 | D        | Bought a scroll of magic mapping for 45 gold pieces
  5806 | D        | Bought a potion of haste for 140 gold pieces
  5863 | D        | Reached skill level 25 in Spellcasting
  6125 | D        | Noticed a fire dragon
  6127 | D        | Killed a fire dragon
  6177 | D        | Reached XP level 14. HP: 70/70 MP: 26/45
  6298 | D        | Reached skill level 1 in Transmutations
  6418 | D        | Noticed a bone dragon
  6421 | D        | Mangled by a bone dragon

Illustrated notes

Levels and vault maps discovered:
D:        dungeon_sprint_mu [sprint_mu_entry_forest, sprint_mu_temple_rooms,
          sprint_mu_d1_horrors, sprint_mu_d2_genie, sprint_mu_d3_branching,
          sprint_mu_orc_legion, sprint_mu_elf_gauntlet, sprint_mu_hive_nellie,
          sprint_mu_lair_fedhas, sprint_mu_vaults_butterflies,
          sprint_mu_slime_circle, sprint_mu_swamp_cave, sprint_mu_snake_twists,
          sprint_mu_blade_basic, sprint_mu_crypt_chambers,
          sprint_mu_tomb_spiral, sprint_mu_vestibule_basic,
          sprint_mu_gehenna_hellfire, sprint_mu_dis_giant,
          sprint_mu_tartarus_statrot, sprint_mu_cocytus_islands, sprint_mu_zot1]

Skill      XL: |  1  2  3  4  5  6  7  8  9 10 11 12 13 14 |
---------------+-------------------------------------------+-----
Dodging        | 3 4 5 6 7 |  7.9
Stealth        | 3 |  3.1
Spellcasting   | 4 5 7 9 11 12 14 16 18 20 22 25 | 25.9
Fire Magic     | 5 6 7 8 10 11 12 13 15 17 18 20 21 22 | 22.0
Conjurations   | 2 3 5 7 8 10 12 14 17 18 20 | 20.1
Fighting       | 1 |  1.6
Earth Magic    | 4 9 13 | 13.9
Shields        | 1 |  1.1
Evocations     | 1 |  1.9
Transmutations | 1 |  1.0

Action                   |  1- 3 |  4- 6 |  7- 9 | 10-12 | 13-15 || total
-------------------------+-------+-------+-------+-------+-------++-------
Melee: Staff             |       |       |       |     2 |     3 ||     5
 Cast: Foxfire           |    18 |    12 |     9 |       |       ||    39
       Fireball          |       |     4 |    24 |    91 |    19 ||   138
       Sticky Flame      |       |       |     1 |    16 |    11 ||    28
       Iron Shot         |       |       |       |     4 |     6 ||    10
       Ignition          |       |       |       |       |    15 ||    15
       Fire Storm        |       |       |       |       |     6 ||     6
       Lehudib's Crystal |       |       |       |       |     6 ||     6
       Statue Form       |       |       |       |       |     2 ||     2
Evoke: Wand              |       |       |       |     1 |       ||     1
       Phial of floods   |       |       |       |     1 |       ||     1
  Use: Potion            |       |     4 |       |     3 |     2 ||     9
       Scroll            |       |       |     3 |       |     4 ||     7
 Stab: Sleeping          |       |       |       |     1 |       ||     1
Armor: Robe              |       |     1 |       |     6 |     2 ||     9
       Skin              |       |       |       |       |     1 ||     1
Dodge: Dodged            |     1 |     1 |       |    18 |     7 ||    27
Block: Other             |       |       |       |     4 |     4 ||     8
       Reflection        |       |       |       |     1 |       ||     1

Table legend: (Time is in decaauts)
 A = Elapsed time spent in this place.
 B = Non-inter-level travel time spent in this place.
 C = Inter-level travel time spent in this place.
 D = Time resting spent in this place.
 E = Time spent auto-exploring this place.
 F = Levels seen in this place.
 G = Mean time per level.
                   A        B        C        D        E       F      G
               +--------+--------+--------+--------+--------+-----+--------+
         Total |   6469 |   6469 |      0 |   4476 |      0 |   1 | 6469.0 |
       Dungeon |   6469 |   6469 |      0 |   4476 |      0 |   1 | 6469.0 |
               +--------+--------+--------+--------+--------+-----+--------+

Top non-repeatable levels by time:
       D: 6469 daAuts
